 Dungeon Crawl Stone Soup version 0.31-a0-1025-g2e47921a08 (webtiles) character file.

Game seed: 5780007290716277937

24 Azuregosa the Sneak (level 3, -3/26 HPs)
             Began as an Octopode Delver on Nov 17, 2023.
             Splashed by a jelly's acid (9 damage)
             ... on level 6 of the Dungeon.
             The game lasted 00:00:50 (39 turns).

Azuregosa the Sneak (Octopode Delver)                 Turns: 39, Time: 00:00:51

Health: -3/26      AC:  1    Str: 11    XL:     3   Next: 2%
Magic:  3/3        EV: 13    Int: 14    God:
Gold:   0          SH:  0    Dex: 13    Spells: 2/2 levels left

rFire   . . .        a - +0 falchion
rCold   . . .        (no shield)
rNeg    . . .        (helmet restricted)
rPois   .            (no amulet)
rElec   .            (no ring)
rCorr   .            (no ring)
SInv    .            (no ring)
Will    .....        (no ring)
Stlth   +++++        (no ring)
HPRegen 0.24/turn    (no ring)
MPRegen 0.08/turn    (no ring)
                     (no ring)

%: no passive effects
@: no status effects
A: almost no armour, amphibious, 8 rings, camouflage 1, gelatinous body 1,
(nimble swimmer 1), tentacles
a: no special abilities


You were on level 6 of the Dungeon.
You visited 1 branch of the dungeon, and saw 2 of its levels.

Inventory:

Hand Weapons
 a - a +0 falchion (weapon)
Wands
 f - a wand of digging (3)
Scrolls
 b - a scroll of fog
Potions
 e - a potion of haste


   Skills:
 - Level 3.0 Fighting
 - Level 2.0 Long Blades
 - Level 2.0 Dodging
 + Level 7.8 Stealth


You had 2 spell levels left.
You didn't know any spells.
Your spell library was empty.

Dungeon Overview and Level Annotations

Branches:
Dungeon (6/15)
 Temple: D:4-7

Altars:


Innate Abilities, Weirdness & Mutations

You cannot wear most types of armour.
You are amphibious.
You can wear up to eight rings at the same time.
Your skin changes colour to match your surroundings (Stealth+).
Your rubbery body absorbs attacks. (AC +1, EV +1)
((You are camouflaged when in or above water. (Stealth+)))
You have tentacles for arms and can constrict up to eight enemies at once.


Message History

You hit the orc wizard. You grab the orc wizard.
The orc wizard is heavily wounded.
You constrict the orc wizard.
The orc wizard hits you with a +0 dagger.
The orc wizard points at you and mumbles some strange words.
You are confused.
You bump into the rock wall.
You constrict the orc wizard.
The orc wizard gestures at you while chanting.
The puff of flame misses you.
You slash the orc wizard!
You kill the orc wizard!
Your Stealth skill increases to level 7!
You have reached level 2!
You have reached level 3!
Your experience leads to an increase in your attributes!
Increase (S)trength, (I)ntelligence, or (D)exterity?
You feel clever. x2
You are too confused!
You are too confused!
You're too confused to move!
The ice beast misses you.
You bump into the rock wall.
The ice beast hits you. The ice beast freezes you.
* * * LOW HITPOINT WARNING * * *
You are too confused!
You barely miss the ice beast.
You feel less confused. The ice beast misses you.
An orc comes into view. It is wielding a +0 short sword.
As you read the scroll of fear, it crumbles to dust.
You assume a fearsome visage.
The orc looks frightened! x2
The orc shouts!
The orc looks frightened!
The ice beast looks frightened!
The orc supplicates, "Please!
I have a lot of children!"
Cornered, the ice beast turns to fight!
An adder comes into view.
An iguana comes into view.
There is a stone staircase leading down here.
You climb downwards.
The jelly hits you.
* * * LOW HITPOINT WARNING * * *
You are splashed with acid!
You die...

######..##
<........#
....!....##
..........
.........# #
.........+ ..
.........##.#
.......<....#.#
.......@......#
.......J...h..#
.........####.#
###.....## #
#.....# #.....#
.......
........


You could see a hound (asleep) and a jelly.

Vanquished Creatures
  An orc wizard (D:5)
1 creature vanquished.

Notes
Turn   | Place    | Note
-------+----------+-------------------------------------------
     0 | D:5      | Azuregosa the Octopode Delver began the quest for the Orb.
     0 | D:5      | Reached XP level 1. HP: 16/16 MP: 1/1
     1 | D:6      | Noticed a jelly
     1 | D:6      | Noticed a hound
     5 | D:5      | Noticed an iguana
    12 | D:5      | Noticed an orc wizard
    15 | D:5      | Noticed an ice beast
    21 | D:5      | Killed an orc wizard
    22 | D:5      | Reached skill level 7 in Stealth
    22 | D:5      | Reached XP level 2. HP: 11/21 MP: 2/2
    22 | D:5      | Reached XP level 3. HP: 14/26 MP: 3/3
    39 | D:6      | Splashed by a jelly's acid

Illustrated notes

Levels and vault maps discovered:
D:5:      layout_loops_ring, uniq_prince_ribbit1
D:6:      minmay_inner_zag, layout_basic, mainiacjoe_overflow_boulevard

Skill      XL: |  1 |
---------------+----+-----
Stealth        | 7 |  7.8
Fighting       | |  3.0
Long Blades    | |  2.0
Dodging        | |  2.0

Action                     || total
---------------------------++-------
  Melee: Falchion          ||     4
         Constrict         ||     1
         Tentacles         ||     1
    Use: Scroll            ||     2
 Armour: Skin              ||     4
  Dodge: Dodged            ||     3

Table legend: (Time is in decaauts)
 A = Elapsed time spent in this place.
 B = Non-inter-level travel time spent in this place.
 C = Inter-level travel time spent in this place.
 D = Time resting spent in this place.
 E = Time spent auto-exploring this place.
 F = Levels seen in this place.
 G = Mean time per level.
                   A        B        C        D        E       F      G
               +--------+--------+--------+--------+--------+-----+--------+
         Total |     39 |     39 |      0 |      0 |      0 |   2 |   19.5 |
       Dungeon |     39 |     39 |      0 |      0 |      0 |   2 |   19.5 |
               +--------+--------+--------+--------+--------+-----+--------+

Top non-repeatable levels by time:
     D:5: 36 daAuts
     D:6: 2 daAuts
